 Dungeon Sprint DCSS version 0.26-a0-694-g74916bafe0 (webtiles) character file.

Game seed: 15011545996103380041

38178 ANON1729 the Imperceptible (level 13, -1/76 HPs)
             Began as a Spriggan Brigand on Oct 25, 2020.
             Was the Champion of Dithmenos.
             Slain by an alligator snapping turtle (42 damage)
             ... in the Dungeon (Sprint IX: "|||||||||||||||||||||||||||||").
             The game lasted 00:24:22 (7931 turns).

ANON1729 the Imperceptible (Spriggan Brigand)       Turns: 7931, Time: 00:24:23

Health: -1/76      AC: 11    Str:  7    XL:     13   Next: 62%
Magic:  21/21      EV: 31    Int: 13    God:    Dithmenos [******]
Gold:   1287       SH:  0    Dex: 22    Spells: 12/12 levels left

rFire    + . .     SeeInvis +   H - +7 quick blade
rCold    + . .     Faith    .   (shield restricted)
rNeg     . . .     Spirit   .   I - +0 swamp dragon scales
rPois    +         Reflect  .   u - +2 hat {SInv}
rElec    .         Harm     .   o - scarf {rC+ rF+}
rCorr    .         Rampage  .   (gloves unavailable)
MR       ++...     NoTele   +   (boots unavailable)
Stlth    ++++++++++             C - amulet of regeneration
HPRegen  0.62/turn              q - +2 ring of protection
MPRegen  0.17/turn              (no ring)

@: wreathed by umbra, very quick
A: very small, unfitting armour, see invisible, speed 3
a: Shadow Step, Shadow Form, Renounce Religion


You were in the Dungeon.
You worshipped Dithmenos.
Dithmenos was exalted by your worship.
You visited 1 branch You collected 1922 gold pieces.
You spent 635 gold pieces at shops.

Inventory:

Hand Weapons
 r - a +2 rapier of draining
 B - a +0 short sword of venom
 G - the +10 morningstar of Capital Punishment {pain, Fragile rC++ Dex+7}
   (You found it in the Dungeon)

   In the hands of one skilled in necromantic magic, it inflicts extra damage on
   living creatures.
   It affects your dexterity (+7).
   It greatly protects you from cold.
   It will be destroyed if unequipped.
 H - a +7 quick blade (weapon)
 M - a +3 dagger of venom
Missiles
 d - 9 poisoned darts (quivered)
 e - 10 curare-tipped darts
Armour
 o - a scarf of resistance (worn)
 u - a +2 hat of see invisible (worn)
 I - +0 swamp dragon scales (worn)
 J - +1 fire dragon scales
Jewellery
 p - a +3 ring of intelligence
 q - a +2 ring of protection (left hand)
 v - an uncursed ring of positive energy
 C - an amulet of regeneration (around neck)
 D - an uncursed ring of ice
 E - an uncursed ring of fire
 F - an uncursed ring of magical power
Scrolls
 k - 4 scrolls of blinking
 m - 3 scrolls of remove curse
 n - 2 scrolls of amnesia
 w - 2 scrolls of fog
 x - 4 scrolls of enchant armour
 y - 3 scrolls of identify
 A - a scroll of immolation
 L - a scroll of fear
Potions
 f - 6 potions of curing
 g - 5 potions of heal wounds
 h - 2 potions of haste
 i - 5 potions of magic
 j - 2 potions of berserk rage
 l - a potion of invisibility
 s - 2 potions of stabbing
 t - 2 potions of brilliance
 K - 2 potions of mutation


   Skills:
 + Level 12.6 Fighting
 * Level 18.2 Short Blades
 + Level 14.7 Throwing
 + Level 19.6 Dodging
 * Level 24.4 Stealth
 + Level 9.7 Invocations
   Level 11.0 Evocations


You had 12 spell levels left.
You didn't know any spells.
Your spell library was empty.

Dungeon Overview and Level Annotations

Branches:
Dungeon (1/1)

Altars:
Cheibriados
Dithmenos
Elyvilon
Fedhas
Gozag
Hepliaklqana
Kikubaaqudgha
Makhleb
Nemelex Xobeh
Okawaru
Qazlal
Ru
Sif Muna
Trog
Uskayaw
Vehumet
Wu Jian
Xom
Yredelemnul
Zin
The Shining One
Beogh
Jiyva
Lugonu

Shops:
D =?[[


Innate Abilities, Weirdness & Mutations

You are very small and have problems with some larger weapons.
You are too small for most types of armour.
You have supernaturally acute eyesight. (SInv)
You cover ground extremely quickly.


Message History

You hit the alligator snapping turtle but do no damage.
The alligator snapping turtle is heavily wounded.
Your shadow hits the alligator snapping turtle but does no damage.
You hit the alligator snapping turtle but do no damage.
The alligator snapping turtle is heavily wounded.
The alligator snapping turtle bites you!!!
You emit a cloud of dark smoke.
You hit the alligator snapping turtle but do no damage.
The alligator snapping turtle is heavily wounded.
Your shadow hits the alligator snapping turtle but does no damage.
You hit the alligator snapping turtle.
The alligator snapping turtle is severely wounded.
Your shadow hits the alligator snapping turtle but does no damage.
You hit the alligator snapping turtle but do no damage.
The alligator snapping turtle is severely wounded.
You hit the alligator snapping turtle but do no damage.
The alligator snapping turtle is severely wounded.
The alligator snapping turtle bites you!!!
Ouch! That really hurt!
You die...

........'.....∩.∩)∩)∩)))))'....).
▓▓▓▓▓▓▓▓▓▓▓▓▓▓▓▓▓▓▓▓▓▓▓▓▓▓▓▓▓▓▓▓▓
.................................
▓▓▓▓▓▓▓▓▓▓▓▓▓▓▓▓▓▓▓▓▓▓▓▓▓▓▓▓▓▓▓▓▓
........'............).)'..(...(.
▓▓▓▓▓▓▓▓▓▓▓▓▓▓▓▓▓▓▓▓▓▓▓▓▓▓▓▓▓▓▓▓▓
......)............†.............
▓▓▓▓▓▓▓▓▓▓▓▓▓▓▓▓▓▓▓▓▓▓▓▓▓▓▓▓▓▓▓▓♣
,,,,,,,,,,,+..§t@§§..'...)).†..'†
***********▓▓▓▓▓▓▓▓▓▓▓▓▓▓▓▓▓▓▓▓▓♣
,,,,,,,,,,,,,,,,,,,,,,,,,,,,,,,,,
*********************************
,,,,,,,,+,,,,,,,,,,,,,,,,,,,,,+,,
*********************************
,,,,,,,,,,,,,,,,,,,,,,,,,,,,,,,,,
*********************************
,,,,,,,,,+,,,,,,,,,,,,,,,,,,,,,,,


You could see an alligator snapping turtle.

Vanquished Creatures
  A lich (D)
  Gastronok (D)
  Donald (D)
  A thorn hunter (D)
  A frost giant (D)
  2 very ugly things (D)
  2 hydras (D)
  An anaconda (D)
  3 alligators (D)
  A centaur warrior (D)
  An ogre mage (D)
  A boulder beetle (D)
  8 orc high priests (D)
  A shock serpent (D)
  Sonja (D)
  A salamander mystic (D)
  A skeletal warrior (D)
  A wizard (D)
  A sea snake (D)
  A naga ritualist (D)
  2 swamp dragons (D)
  An orc knight (D)
  An orb spider (D)
  2 orc sorcerers (D)
  A salamander (D)
  A cyclops (D)
  A manticore (D)
  2 merfolk sirens (D)
  A naga mage (D)
  2 elephants (D)
  3 black mambas (D)
  A water nymph (D)
  3 demonic crawlers (D)
  3 komodo dragons (D)
  A merfolk (D)
  A jumping spider (D)
  2 polar bears (D)
  2 tyrant leeches (D)
  2 snapping turtles (D)
  A bog body (D)
  4 blink frogs (D)
  4 redbacks (D)
  3 yaks (D)
  2 basilisks (D)
  4 vampire mosquitoes (D)
  A water moccasin (D)
  An acid dragon (D)
  A naga (D)
  12 orc warriors (D)
  A swamp drake (D)
  A sky beast (D)
  A centaur (D)
  4 bullfrogs (D)
  2 quasits (D)
  A hound (D)
  7 orc priests (D)
  3 orc wizards (D)
  2 worker ants (D)
  An adder zombie (D)
  An adder skeleton (D)
  8 orcs (D)
  A bat skeleton (D)
  2 giant cockroaches (D)
  2 goblins (D)
  A jackal (D)
  A ball python zombie (D)
  2 bats (D)
  2 jackal skeletons (D)
139 creatures vanquished.

Notes
Turn   | Place    | Note
-------+----------+-------------------------------------------
     0 | D        | ANON1729 the Spriggan Brigand began the quest for the Orb.
     0 | D        | Reached XP level 1. HP: 10/10 MP: 2/2
     5 | D        | Reached skill level 6 in Stealth
    73 | D        | Noticed a sky beast
    75 | D        | Killed a sky beast
    75 | D        | Reached skill level 5 in Dodging
    75 | D        | Reached skill level 8 in Stealth
    75 | D        | Reached XP level 2. HP: 16/16 MP: 3/3
    75 | D        | Reached XP level 3. HP: 20/20 MP: 4/4
    75 | D        | Reached XP level 4. HP: 25/25 MP: 5/5
   115 | D        | Found a roughly hewn altar of Beogh.
   115 | D        | Found a snail-covered altar of Cheibriados.
   115 | D        | Found a shadowy altar of Dithmenos.
   115 | D        | Found a white marble altar of Elyvilon.
   115 | D        | Found a blossoming altar of Fedhas.
   115 | D        | Found an opulent altar of Gozag.
   116 | D        | Found a hazy altar of Hepliaklqana.
   117 | D        | Found a viscous altar of Jiyva.
   118 | D        | Found an ancient bone altar of Kikubaaqudgha.
   119 | D        | Found a corrupted altar of Lugonu.
   120 | D        | Became a worshipper of Dithmenos the Shadowed
   121 | D        | Found a burning altar of Makhleb.
   122 | D        | Found a sparkling altar of Nemelex Xobeh.
   123 | D        | Found an iron altar of Okawaru.
   124 | D        | Found a stormy altar of Qazlal.
   125 | D        | Found a sacrificial altar of Ru.
   126 | D        | Found a shimmering blue altar of Sif Muna.
   127 | D        | Found a bloodstained altar of Trog.
   128 | D        | Found a hide-covered altar of Uskayaw.
   129 | D        | Found a radiant altar of Vehumet.
   130 | D        | Found an ornate altar of the Wu Jian Council.
   131 | D        | Found a shimmering altar of Xom.
   132 | D        | Found a basalt altar of Yredelemnul.
   133 | D        | Found a glowing silver altar of Zin.
   134 | D        | Found a glowing golden altar of the Shining One.
   143 | D        | Found the +12 glaive of Prune {vorpal}
   174 | D        | Noticed an orc warrior
   174 | D        | Noticed a centaur
   176 | D        | Reached skill level 5 in Short Blades
   178 | D        | Reached skill level 9 in Stealth
   184 | D        | Killed a centaur
   184 | D        | Reached * piety under Dithmenos
   184 | D        | Reached skill level 5 in Throwing
   184 | D        | Reached XP level 5. HP: 30/30 MP: 6/6
   205 | D        | Killed an orc warrior
   205 | D        | Reached skill level 5 in Fighting
   205 | D        | Reached skill level 10 in Stealth
   205 | D        | Reached XP level 6. HP: 9/35 MP: 7/7
   447 | D        | Reached ** piety under Dithmenos
   470 | D        | Noticed a vampire mosquito
   470 | D        | Noticed a yak
   472 | D        | Killed a yak
   472 | D        | Reached skill level 11 in Stealth
   495 | D        | Reached XP level 7. HP: 33/39 MP: 8/8
   524 | D        | Killed a vampire mosquito
   524 | D        | Reached *** piety under Dithmenos
   524 | D        | Reached skill level 10 in Dodging
   524 | D        | Reached skill level 12 in Stealth
   735 | D        | Noticed a polar bear
   735 | D        | Noticed a blink frog
   735 | D        | Noticed a four-headed hydra
   735 | D        | Noticed a komodo dragon
   735 | D        | Noticed a komodo dragon
   773 | D        | Killed a komodo dragon
   794 | D        | Killed a four-headed hydra
   794 | D        | Reached **** piety under Dithmenos
   794 | D        | Reached skill level 14 in Stealth
   794 | D        | Reached XP level 8. HP: 37/46 MP: 9/9
   800 | D        | Killed a komodo dragon
   800 | D        | Reached skill level 10 in Short Blades
   818 | D        | Killed a blink frog
   818 | D        | Reached XP level 9. HP: 44/51 MP: 10/10
   873 | D        | Killed a polar bear
   891 | D        | Noticed a black mamba
   905 | D        | Killed a black mamba
   905 | D        | Reached skill level 10 in Throwing
   905 | D        | Reached skill level 15 in Stealth
   911 | D        | Noticed a komodo dragon
   915 | D        | Noticed an elephant
   917 | D        | Killed a komodo dragon
   917 | D        | Reached ***** piety under Dithmenos
   928 | D        | Killed an elephant
  1014 | D        | Noticed an elephant
  1014 | D        | Noticed a polar bear
  1161 | D        | Killed a polar bear
  1170 | D        | Reached skill level 16 in Stealth
  1208 | D        | Killed an elephant
  1208 | D        | Reached XP level 10. HP: 46/58 MP: 11/11
  1289 | D        | Reached ****** piety under Dithmenos
  1293 | D        | Reached skill level 15 in Dodging
  1314 | D        | Reached skill level 17 in Stealth
  2099 | D        | Noticed an orc sorcerer
  2109 | D        | Noticed a sun demon
  2399 | D        | Killed an orc sorcerer
  2399 | D        | Reached skill level 10 in Fighting
  2433 | D        | Noticed an orc knight
  2546 | D        | Killed an orc knight
  2546 | D        | Reached skill level 1 in Invocations
  2875 | D        | Reached skill level 18 in Stealth
  3003 | D        | Noticed an orc sorcerer
  3007 | D        | Killed an orc sorcerer
  3007 | D        | Reached XP level 11. HP: 64/64 MP: 13/13
  3116 | D        | Found Emejo's Armour Boutique.
  3116 | D        | Noticed an orc high priest
  3116 | D        | Noticed an orc high priest
  3116 | D        | Noticed an orc high priest
  3117 | D        | Noticed an orc high priest
  3118 | D        | Killed an orc high priest
  3119 | D        | Found Ymeizxan's Antique Armour Shop.
  3120 | D        | Killed an orc high priest
  3120 | D        | Reached skill level 5 in Evocations
  3122 | D        | Killed an orc high priest
  3123 | D        | Found Zetaa's Magic Scroll Boutique.
  3125 | D        | Noticed an orc high priest
  3127 | D        | Found Abiphene's Jewellery Shop.
  3129 | D        | Killed an orc high priest
  3130 | D        | Noticed an orc high priest
  3131 | D        | Noticed an orc high priest
  3133 | D        | Noticed an orc high priest
  3137 | D        | Noticed a sixfirhy
  3143 | D        | Killed an orc high priest
  3143 | D        | Reached skill level 19 in Stealth
  3157 | D        | Noticed a sun demon
  3453 | D        | Killed an orc high priest
  3552 | D        | Killed an orc high priest
  3617 | D        | Killed an orc high priest
  3888 | D        | Bought a scroll of identify for 20 gold pieces
  3888 | D        | Bought a scroll of magic mapping for 35 gold pieces
  3903 | D        | Bought a scroll of immolation for 35 gold pieces
  3964 | D        | Noticed Sonja
  3966 | D        | Killed Sonja
  4033 | D        | Got the +10 morningstar of Capital Punishment {pain,
                  | Fragile rC++ Dex+7}
  4223 | D        | Bought a scroll of enchant weapon for 75 gold pieces
  4223 | D        | Bought a scroll of enchant armour for 75 gold pieces
  4223 | D        | Bought a scroll of enchant armour for 75 gold pieces
  4355 | D        | Noticed a boulder beetle
  4355 | D        | Noticed a skeletal warrior
  4357 | D        | Killed a skeletal warrior
  4376 | D        | Noticed a green very ugly thing
  4415 | D        | Reached skill level 20 in Stealth
  4415 | D        | Reached skill level 5 in Invocations
  4471 | D        | Killed a boulder beetle
  4506 | D        | Noticed a lich
  4586 | D        | Killed a green very ugly thing
  4586 | D        | Reached skill level 10 in Evocations
  4586 | D        | Reached XP level 12. HP: 64/70 MP: 15/17
  4634 | D        | Noticed a reaper
  4662 | D        | Killed a lich
  4662 | D        | Reached skill level 15 in Short Blades
  4780 | D        | Noticed an ogre mage
  4786 | D        | Noticed a purple very ugly thing
  4787 | D        | Noticed a centaur warrior
  4790 | D        | Noticed a frost giant
  4860 | D        | Killed a purple very ugly thing
  4860 | D        | Reached skill level 21 in Stealth
  4953 | D        | Killed a centaur warrior
  5400 | D        | Bought a scarf of resistance for 320 gold pieces
  5513 | D        | Killed a frost giant
  5575 | D        | Killed an ogre mage
  5654 | D        | Noticed Donald
  5656 | D        | Killed Donald
  5703 | D        | Noticed Gastronok
  5710 | D        | Killed Gastronok
  5710 | D        | Reached skill level 22 in Stealth
  5763 | D        | Noticed an anaconda
  6447 | D        | Killed an anaconda
  6447 | D        | Reached XP level 13. HP: 65/75 MP: 18/20
  6743 | D        | Noticed a thorn hunter
  6747 | D        | Killed a thorn hunter
  6747 | D        | Reached skill level 23 in Stealth
  7499 | D        | Reached skill level 24 in Stealth
  7931 | D        | Slain by an alligator snapping turtle

Illustrated notes

Levels and vault maps discovered:
D:        linesprint [early_d, line_temple, items_1, d_10, items_2, lair_1,
          lair_end, items_3, orc_1, orc_end, items_4, d_15, swamp_1, shoals_1,
          snake_1, spider_1, d_20, vaults_1, items_5, swamp_end, shoals_end,
          snake_end, spider_end, vaults_end, d_27, items_6, zot_1, zot_end,
          crypt_end, forest_end, elf_end, slime_end, tomb_end, abyss_end,
          pan_hell_end]

Skill      XL: |  1  2  3  4  5  6  7  8  9 10 11 12 13 |
---------------+----------------------------------------+-----
Dodging        | 5 7 8 9 12 14 16 17 18 19 | 19.6
Stealth        | 8 9 10 11 14 16 18 20 22 24 | 24.4
Fighting       | 3 4 5 7 9 10 11 12 | 12.6
Short Blades   | 4 6 7 9 10 11 13 14 16 18 | 18.2
Throwing       | 4 5 6 7 9 10 12 13 14 | 14.7
Invocations    | 1 5 8 9 |  9.7
Evocations     | 3 10 11 | 11.0

Action                   |  1- 3 |  4- 6 |  7- 9 | 10-12 | 13-15 || total
-------------------------+-------+-------+-------+-------+-------++-------
Melee: Dagger            |    13 |    16 |       |       |       ||    29
       Rapier            |       |    35 |   174 |   260 |       ||   469
       Quick blade       |       |       |       |   341 |   356 ||   697
Throw: Dart              |       |     8 |     7 |    33 |    21 ||    69
Invok: Shadow Step       |       |       |       |     5 |       ||     5
Evoke: Wand              |       |       |     8 |     2 |       ||    10
  Use: Scroll            |       |       |       |     5 |       ||     5
       Potion            |       |       |       |     1 |       ||     1
 Stab: Sleeping          |     4 |     3 |       |    20 |     7 ||    34
       Distracted        |       |       |     3 |     8 |     4 ||    15
Armor: Robe              |       |     8 |     9 |     2 |       ||    19
       Swamp dragon scal |       |       |       |     9 |    12 ||    21
Dodge: Dodged            |     6 |    80 |   178 |   277 |   175 ||   716

Table legend: (Time is in decaauts)
 A = Elapsed time spent in this place.
 B = Non-inter-level travel time spent in this place.
 C = Inter-level travel time spent in this place.
 D = Time resting spent in this place.
 E = Time spent auto-exploring this place.
 F = Levels seen in this place.
 G = Mean time per level.
                   A        B        C        D        E       F      G
               +--------+--------+--------+--------+--------+-----+--------+
         Total |   5796 |   5719 |     77 |   2399 |   1380 |   1 | 5796.0 |
       Dungeon |   5796 |   5719 |     77 |   2399 |   1380 |   1 | 5796.0 |
               +--------+--------+--------+--------+--------+-----+--------+

Top non-repeatable levels by time:
       D: 5796 daAuts
